 Dungeon Crawl Stone Soup version 0.28-a0-1518-gbe868bca14 (webtiles) character file.

Game seed: 1106094955466603050

270 knot the Chopper (level 6, 42/47 HPs)
             Began as a Demonspawn Berserker on Jan 17, 2022.
             Was a Believer of Trog.
             Quit the game in a sewer.
             The game lasted 00:01:42 (1950 turns).

knot the Chopper (Demonspawn Berserker)             Turns: 1950, Time: 00:01:43

Health: 42/47      AC:  2    Str: 17    XL:     6   Next: 1%
Magic:  6/6        EV: 12    Int: 14    God:    Trog [**....]
Gold:   115        SH:  9    Dex: 13    Spells: 5/5 levels left

rFire   . . .      SeeInvis .   j - +0 war axe
rCold   . . .      Faith    .   (no shield)
rNeg    . . .      Spirit   .   b - +0 animal skin
rPois   .          Reflect  +   (no helmet)
rElec   .          Harm     .   (no cloak)
rCorr   .          Rampage  .   (no gloves)
Will    ++...                   (no boots)
Stlth   +.........              l - amulet of reflection
HPRegen 1.15/turn               (no ring)
MPRegen 0.10/turn               (no ring)

@: strong-willed, on berserk cooldown, regenerating, slowed, very slow
A: hooves 1, powered by death 1, big brain 2, condensation shield
a: Renounce Religion, Berserk, Trog's Hand


You were in a sewer.
You worshipped Trog.
Trog was pleased with you.
You visited 1 branch of the dungeon, and saw 3 of its levels.
You also visited: Sewer.

You collected 115 gold pieces.

Inventory:

Hand Weapons
 j - a +0 war axe (weapon)
Missiles
 a - 4 curare-tipped darts
 c - 6 javelins (quivered)
 d - 6 boomerangs
 e - 33 stones
 h - 5 atropa-tipped darts
Armour
 b - a +0 animal skin (worn)
Jewellery
 l - an amulet of reflection (around neck)
Scrolls
 g - 2 scrolls of identify
Potions
 f - a potion of mutation {unknown}
 i - a potion of heal wounds
 k - a potion of haste {unknown}


   Skills:
 - Level 3.0 Fighting
 + Level 6.2 Axes
 - Level 1.7 Armour
 - Level 1.7 Dodging


You had 5 spell levels left.
You didn't know any spells.
Your spell library contained the following spells:

 Spells                   Type           Power      Damage    Failure   Level
 Call Canine Familiar     Summ           0%         N/A       65%         3
 Portal Projectile        Hex/Tloc       0%         N/A       65%         3
 Leda's Liquefaction      Hex/Erth       0%         N/A       96%         4


Dungeon Overview and Level Annotations

Branches:
Dungeon (3/15)              Sewer (1/1)

Altars:


Innate Abilities, Weirdness & Mutations

You have large cloven feet.
You regenerate a little health from kills.
You have an extremely huge brain. (Int +4)
A meltable shield of frost defends you. (SH +4)


Message History

You kill the dart slug!
Trog accepts your kill.
A bat comes into view.
There is a glowing drain here.
You see here a dart slug corpse.
The world spins around you as you enter the gateway.
You enter a sewer!
Found a gate leading back out of this place.
There is an empty arch of ancient stone here.
Unknown command.
There is a gate leading back out of this place here.
The river rat bites you.
You closely miss the river rat. The river rat barely misses you.
You block the river rat's attack.
You closely miss the river rat. The river rat completely misses you.
The river rat barely misses you.
You hit the river rat but do no damage. The river rat bites you.
Your skin crawls.
You feel strong-willed. The river rat bites you.
The river rat completely misses you.
You hit the river rat. Your kick misses the river rat.
The river rat is lightly wounded.
You block the river rat's attack. The river rat barely misses you.
You barely miss the river rat. Your kick misses the river rat.
The river rat is lightly wounded.
You block the river rat's attack.
You barely miss the river rat. Your kick misses the river rat.
The river rat is lightly wounded.
The river rat bites you. You block the river rat's attack.
You hit the river rat. You kick the river rat.
The river rat is heavily wounded.
The river rat closely misses you. The river rat bites you.
You slash the river rat!
You kill the river rat!
Trog accepts your kill. The river rat barely misses you.
You have reached level 6!
Your demonic ancestry asserts itself...
Frost condenses into a shield before you.
Are you sure you want to abandon this character and quit the game? (Confirm with "yes".) ################ #@r....∩∩....r.≈ ################

You could see a river rat.

Vanquished Creatures
  Sigmund (D:2)
  5 gnolls
  2 river rats
  A worm (D:3)
  2 dart slugs
  6 endoplasms
  4 goblins
  4 hobgoblins (D:1)
  4 jackals
  3 ball pythons
  4 bats (D:1)
  3 frilled lizards
  5 rats
44 creatures vanquished.

Notes
Turn   | Place    | Note
-------+----------+-------------------------------------------
     0 | D:1      | knot the Demonspawn Berserker began the quest for the Orb.
     0 | D:1      | Reached XP level 1. HP: 18/18 MP: 1/1
   154 | D:1      | Reached skill level 3 in Axes
   207 | D:1      | Gained mutation: You have an unusually large brain. (Int
                  | +2) [demonic ancestry]
   207 | D:1      | Reached XP level 2. HP: 8/24 MP: 2/2
  1055 | D:1      | Gained mutation: You have an extremely huge brain. (Int +4)
                  | [demonic ancestry]
  1055 | D:1      | Reached XP level 3. HP: 20/29 MP: 3/3
  1295 | D:2      | Reached skill level 4 in Axes
  1393 | D:2      | Noticed Sigmund
  1404 | D:2      | Killed Sigmund
  1405 | D:2      | Reached skill level 5 in Axes
  1405 | D:2      | Gained mutation: You have large cloven feet. [demonic
                  | ancestry]
  1405 | D:2      | Reached XP level 4. HP: 35/35 MP: 4/4
  1405 | D:2      | Gained mutation: You regenerate a little health from kills.
                  | [demonic ancestry]
  1405 | D:2      | Reached XP level 5. HP: 41/41 MP: 5/5
  1513 | D:2      | Reached ** piety under Trog
  1713 | D:2      | Found a faded altar of an unknown god.
  1910 | D:3      | Found a glowing drain.
  1922 | D:3      | Reached skill level 6 in Axes
  1933 | Sewer    | Entered a sewer
  1950 | Sewer    | Gained mutation: A meltable shield of frost defends you.
                  | (SH +4) [demonic ancestry]
  1950 | Sewer    | Reached XP level 6. HP: 42/47 MP: 6/6
  1950 | Sewer    | Quit the game

Illustrated notes

Levels and vault maps discovered:
D:1:      saegor_arrival_simple_e, layout_basic, st_stairs_12
D:2:      layout_rooms, ebering_ecumenical_altar_sacrificial, uniq_sigmund
D:3:      layout_rooms, cheibrodos_sewer_entry_sluice
Sewer:    sewer_kobolds

Skill      XL: |  1  2  3  4  5 |
---------------+----------------+-----
Axes           | 3 5 6 |  6.2
Fighting       | |  3.0
Armour         | |  1.7
Dodging        | |  1.7

Action                   |  1- 3 |  4- 6 || total
-------------------------+-------+-------++-------
Melee: Hand axe          |    64 |       ||    64
       Punch             |     2 |     1 ||     3
       War axe           |    15 |    58 ||    73
       Kick              |       |    15 ||    15
Invok: Berserk           |     2 |     1 ||     3
       Trog's Hand       |       |     1 ||     1
  Use: Scroll            |       |     2 ||     2
 Stab: Sleeping          |     1 |       ||     1
Armor: Animal skin       |    15 |     2 ||    17
Dodge: Dodged            |    57 |    39 ||    96
Block: Other             |       |    10 ||    10

Table legend: (Time is in decaauts)
 A = Elapsed time spent in this place.
 B = Non-inter-level travel time spent in this place.
 C = Inter-level travel time spent in this place.
 D = Time resting spent in this place.
 E = Time spent auto-exploring this place.
 F = Levels seen in this place.
 G = Mean time per level.
                   A        B        C        D        E       F      G
               +--------+--------+--------+--------+--------+-----+--------+
         Total |   2001 |   1959 |     42 |    532 |   1105 |   4 |  500.2 |
       Dungeon |   1974 |   1932 |     42 |    532 |   1105 |   3 |  658.0 |
         Sewer |     27 |     27 |      0 |      0 |      0 |   1 |   27.0 |
               +--------+--------+--------+--------+--------+-----+--------+

Top non-repeatable levels by time:
     D:1: 1216 daAuts
     D:2: 559 daAuts
     D:3: 198 daAuts
   Sewer: 27 daAuts
